Unix NetHack Version 3.7.0-86 Work-in-progress - last build May 30 2023 01:50:43 (cc98dc9aa62a9957b082a042edf5bd7ec9f632c7,branch:master). Game began 2023-06-08 05:04:31, ended 2023-06-08 05:43:12. nmlkj, chaotic male human Wizard ---- ----- .. ...| ----- ----.----- -...| |[)?| |..-.-.%%| |...| |=.)| |..|.| %%| |...| | |..)| |---.-------- |...| |.. --|--+--...........---+-...| |...:..K...@.).....@...........| |......@..@.{.-----|-.{........- |.....%f..K..)|.....| .........| |....--K--....|)....| .-|---...| -----.-- |.--- K. -|.-.|.._..| -- . |...| .......| | |(((|..|.|.....| |...|# |<.....| |(((|..|.------| |...|#######.......| | -----------.......--------....# |......| ...............................|# ......| -------------------------------- -------- Nmlkj the Thaumaturge St:11 Dx:12 Co:17 In:16 Wi:12 Ch:9 Chaotic S:1635 Dlvl:6 $:15 HP:0(52) Pw:36(54) AC:6 Xp:6/355 T:2586 Latest messages: The Kop Kaptain picks up 4 cream pies. The Kop Sergeant throws a cream pie! The cream pie misses Izchak. The cream pie hits the Kop Lieutenant. The Kop Lieutenant is blinded by the pie. The large cat bites the Kop Kaptain. The Kop Kaptain hits the large cat. Budereyri zaps a wand of striking! Boing! The wand misses the large cat. The watchman wields a short sword! The large cat bites the Kop Kaptain. Budereyri zaps a wand of striking! Boing! The wand hits the large cat! The wand misses the watch captain. The Kop Kaptain picks up a club. The Keystone Kop picks up a club. The large cat misses the Kop Kaptain. Budereyri picks up an uncursed dwarvish mattock. The large cat bites the Kop Kaptain. The Kop Kaptain wields a club! Budereyri picks up a dagger. The large cat misses the Keystone Kop. Budereyri zaps a wand of striking! The wand misses the large cat. Boing! The watch captain wields a long sword! You already found a monster. Use 'm' prefix to force another search. You miss the Kop Kaptain. The large cat bites the Keystone Kop. The Keystone Kop is killed! You hit the Kop Kaptain! The Kop Kaptain swings his club. The Kop Kaptain hits! The large cat eats a Keystone Kop corpse. Budereyri zaps a wand of striking! Boing! Budereyri wields an uncursed dwarvish mattock! Budereyri swings his dwarvish mattock. Budereyri hits! The watchman picks up 5 darts. The watch captain swings her long sword. The watch captain hits! The watch captain swings her long sword. The watch captain hits again! Budereyri swings his dwarvish mattock. Budereyri hits! You die... Budereyri takes the 27 zorkmids you owed him. Inventory: $ - 15 gold pieces C - a cursed -2 ring of adornment d - an uncursed ring of free action p - a cursed -1 ring of protection e - an uncursed ring of teleportation R - a wand of speed monster (0:5) A - a wand of speed monster (0:4) c - a wand of striking (0:8) g - an uncursed potion of booze f - an uncursed potion of levitation h - an uncursed potion of sleeping M - a cursed scroll of amnesia i - an uncursed scroll of identify T - an uncursed scroll of identify j - an uncursed scroll of light q - a cursed scroll of light k - an uncursed scroll of taming H - an uncursed spellbook of create monster l - a blessed spellbook of force bolt m - an uncursed spellbook of knock y - 2 uncursed opals J - an uncursed topaz stone F - 2 uncursed worthless pieces of blue glass D - 4 uncursed food rations s - an uncursed fortune cookie n - an uncursed tripe ration t - 2 uncursed eggs N - an uncursed brass lantern S - an uncursed tallow candle B - an uncursed towel Q - an uncursed towel a - a blessed +2 quarterstaff (weapon in hands) w - an uncursed +0 dwarvish iron helm G - an uncursed +0 helm of brilliance (being worn) x - an uncursed +0 pair of iron shoes (being worn) b - an uncursed +0 cloak of magic resistance (being worn) P - an uncursed +0 elven mithril-coat Nmlkj the Wizard's attributes: Background: You were a Thaumaturge, a level 6 male human Wizard. You were chaotic, on a mission for Anhur who was opposed by Ptah (lawful) and Thoth (neutral). You were in the Gnomish Mines, on level 6. You entered the dungeon 2586 turns ago. It was nighttime. You had 355 experience points, 285 more were needed to attain level 7. Your score was 1635 before end-of-game adjustments. Basics: You had 0 out of 52 hit points. You had 36 out of 54 energy points (spell power). Your armor class was 6. Your wallet contained 15 zorkmids. Autopickup was on for '$' plus thrown. Final Characteristics: Your strength was 11 (limit:18/100). Your dexterity was 12 (limit:18). Your constitution was 17 (limit:18). Your intelligence was 16 (limit:18). Your wisdom was 12 (limit:18). Your charisma was 9 (limit:18). Final Status: You were not hungry. You were unencumbered. You were wielding a quarterstaff. You had basic skill with quarterstaff. Final Attributes: You were piously aligned. You were magic-protected. You aggravated monsters. You were warded. You were fast. You are dead. Miscellaneous: You disabled loading of bones levels. Total elapsed playing time was 38 minutes and 41 seconds. Major events: Turn 1: nmlkj the chaotic male human Wizard entered the dungeon 644: entered the Gnomish Mines 683: attained the rank of Conjurer (level 3) 2486: attained the rank of Thaumaturge (level 6) 2579: stole 27 zorkmids worth of merchandise from Budereyri's general store 2586: killed by Mr. Budereyri; the shopkeeper Vanquished creatures: a gnome ruler a rock piercer a fog cloud 6 gnome leaders 2 gnomish wizards a little dog a floating eye 7 dwarves 2 hill orcs 2 rothes 3 orc zombies a werejackal 2 acid blobs 2 coyotes a gas spore 2 hobbits 11 manes 5 giant rats a cave spider a red mold 30 gnomes 5 Keystone Kops a gnome zombie 4 geckos 2 jackals a goblin a sewer rat a kobold zombie 9 newts 107 creatures vanquished. No species were genocided or became extinct. Voluntary challenges: You read items or engraved 8 times. You engraved Elbereth 2 times. You never genocided any monsters. You never polymorphed an object. You never changed form. You used no wishes. Achievements: You entered the Gnomish Mines. You attained the rank of Conjurer. You attained the rank of Thaumaturge. You entered a temple. You entered a shop. The Dungeons of Doom: levels 1 to 2 Level 1: Level 2: A fountain. Stairs down to The Gnomish Mines. The Gnomish Mines: levels 3 to 6 Level 3: Level 4: Level 5: Level 6: <- You were here. A general store, a temple, some fountains. Final resting place for you, killed by Mr. Budereyri; the shopkeeper. Game over: ---------- / \ / REST \ / IN \ / PEACE \ / \ | nmlkj | | 15 Au | | killed by Mr. | | Budereyri; the | | shopkeeper | | | | 2023 | *| * * * | * _________)/\\_//(\/(/\)/\//\/|_)_______ Goodbye nmlkj the Wizard... You died in The Gnomish Mines on dungeon level 6 with 1634 points, and 15 pieces of gold, after 2586 moves. You were level 6 with a maximum of 52 hit points when you died.